 Dungeon Crawl Stone Soup version 0.30-a0-808-g6e0788376e (webtiles) character file.

Game seed: 14320841604470267235

62 Ceno the Insei (level 4, -1/28 HPs)
             Began as an Octopode Transmuter on Feb 27, 2023.
             Slain by a worm (5 damage)
             ... on level 2 of the Dungeon.
             The game lasted 00:04:47 (865 turns).

Ceno the Insei (Octopode Transmuter)                 Turns: 865, Time: 00:04:48

Health: -1/28      AC:  1    Str:  9    XL:     4   Next: 8%
Magic:  4/7        EV: 13    Int: 17    God:
Gold:   79         SH:  0    Dex: 12    Spells: 4/7 levels left

rFire   . . .      SeeInvis .      - Unarmed
rCold   . . .      Faith    .    (no shield)
rNeg    . . .      Spirit   .    (helmet currently unavailable)
rPois   .          Reflect  .    (no amulet)
rElec   .          Harm     .    (no ring)
rCorr   .          Rampage  .    (no ring)
Will    .....                    (no ring)
Stlth   ++                       (no ring)
HPRegen 0.24/turn                (no ring)
MPRegen 0.10/turn                (no ring)
                                 (no ring)
                                 (no ring)

@: appendages (expiring)
A: tentacle spike 3, almost no armour, amphibious, 8 rings, camouflage 1,
gelatinous body 1, (nimble swimmer 1), tentacles
a: End Transformation


You were on level 2 of the Dungeon.
One of your tentacles had grown a beastly spike.
You visited 1 branch of the dungeon, and saw 2 of its levels.

You collected 79 gold pieces.

Inventory:

Scrolls
 b - a scroll of immolation {unknown}
 d - 2 scrolls of enchant armour {unknown}
Potions
 a - a potion of lignification
 c - a potion of invisibility {unknown}
 e - a potion of haste {unknown}
 f - 2 potions of curing {unknown}


   Skills:
 - Level 1.0 Fighting
 - Level 2.0 Dodging
 + Level 3.4 Unarmed Combat
 - Level 2.0 Spellcasting
 * Level 2.7 Transmutations
 - Level 3.0 Poison Magic


You had 4 spell levels left.
You knew the following spells:

 Your Spells              Type           Power      Damage    Failure   Level
a - Beastly Appendage     Tmut           22%        N/A       6%          1
b - Wereblood             Tmut           11%        N/A       10%         2

Your spell library contained the following spells:

 Spells                   Type           Power      Damage    Failure   Level
 Spider Form              Tmut/Pois      11%        N/A       19%         3
 Ice Form                 Ice/Tmut       6%         N/A       73%         4


Dungeon Overview and Level Annotations

Branches:
Dungeon (2/15)

Altars:


Innate Abilities, Weirdness & Mutations

One of your tentacles has grown a beastly spike.
You cannot wear most types of armour.
You are amphibious.
You can wear up to eight rings at the same time.
Your skin changes colour to match your surroundings (Stealth+).
Your rubbery body absorbs attacks. (AC +1, EV +1)
((You are camouflaged when in or above water. (Stealth+)))
You have tentacles for arms and can constrict up to eight enemies at once.


Message History

You pierce the gnoll, but do no damage.
You tentacle-slap the gnoll.
The gnoll is moderately wounded.
You constrict the gnoll. The gnoll misses you.
You tentacle-slap the gnoll.
You pierce the gnoll, but do no damage.
You tentacle-slap the gnoll.
The gnoll is severely wounded.
You constrict the gnoll, but do no damage.
The gnoll hits you with a +0 spear.
You tentacle-slap the gnoll.
You kill the gnoll!
You completely miss the gnoll. Your grab misses the gnoll.
Your tentacle spike misses the gnoll.
You squeeze the gnoll.
The gnoll is lightly wounded.
The gnoll hits you with a +0 flail.
You are too injured to fight recklessly!
You are too injured to fight recklessly!
You tentacle-slap the gnoll but do no damage.
Your grab misses the gnoll.
Your tentacle spike misses the gnoll.
The gnoll is lightly wounded.
The gnoll hits you with a +0 flail!
* * * LOW HITPOINT WARNING * * *
You tentacle-slap the gnoll. You grab the gnoll.
The gnoll is heavily wounded.
You constrict the gnoll, but do no damage.
The gnoll closely misses you.
You tentacle-slap the gnoll but do no damage.
You squeeze the gnoll, but do no damage.
The gnoll is heavily wounded.
You constrict the gnoll. The gnoll closely misses you.
You tentacle-slap the gnoll.
You pierce the gnoll.
You squeeze the gnoll.
You kill the gnoll!
Your transformation is almost over.
Training target 3.0 for Poison Magic reached!
Your Poison Magic skill increases to level 3!
You have reached level 4!
You barely miss the worm. You grab the worm. You constrict the worm.
You tentacle-slap the worm.
The worm is moderately wounded.
You constrict the worm. The worm bites you.
You die...

~♣~.~. .... ~≈≈~~ ~P.
≈≈≈. .P# .~~ ..# .~ ..#
.#..### . ######w....# ..
...##@# #.# #######
...#####.##)# #.# #.....#
..........#.###.###.<...#
........................#
................###.....#
................# #.....#
...#####.#......# #######
#.#......# #........#


You could see a worm.

Vanquished Creatures
  3 gnolls (D:2)
  3 ball pythons (D:1)
  3 endoplasms
  2 giant cockroaches (D:1)
  7 goblins
  4 hobgoblins
  3 kobolds
  A quokka (D:1)
  A bat (D:1)
  A frilled lizard (D:2)
  3 rats
31 creatures vanquished.

Notes
Turn   | Place    | Note
-------+----------+-------------------------------------------
     0 | D:1      | Ceno the Octopode Transmuter began the quest for the Orb.
     0 | D:1      | Reached XP level 1. HP: 13/13 MP: 3/3
   187 | D:1      | Reached skill level 1 in Poison Magic
   237 | D:1      | Reached XP level 2. HP: 12/18 MP: 1/5
   257 | D:1      | Learned a level 2 spell: Wereblood
   669 | D:1      | Found a faded altar of an unknown god.
   839 | D:2      | Reached XP level 3. HP: 21/23 MP: 2/6
   864 | D:2      | Reached XP level 4. HP: 4/28 MP: 4/7
   865 | D:2      | Slain by a worm

Illustrated notes

Levels and vault maps discovered:
D:1:      heliophobic_arrival_glass_houses, layout_loops_ring,
          basic_ecumenical_altar, minmay_box_of_dots
D:2:      layout_loops_cross, serial_bayou_pond_b

Skill      XL: |  1  2  3 |
---------------+----------+-----
Poison Magic   | 1 2 3 |  3.0
Fighting       | |  1.0
Dodging        | |  2.0
Unarmed Combat | |  3.4
Spellcasting   | |  2.0
Transmutations | |  2.7

Action                     |  1- 3 |  4- 6 || total
---------------------------+-------+-------++-------
  Melee: Unarmed           |    60 |     2 ||    62
         Constrict         |    19 |     1 ||    20
         Kick              |    15 |       ||    15
         Tentacles         |    10 |       ||    10
         Punch             |     5 |       ||     5
   Cast: Beastly Appendage |    14 |       ||    14
         Wereblood         |     1 |       ||     1
Ability: End Transformatio |     3 |       ||     3
   Stab: Sleeping          |     3 |       ||     3
  Dodge: Dodged            |    25 |       ||    25

Table legend: (Time is in decaauts)
 A = Elapsed time spent in this place.
 B = Non-inter-level travel time spent in this place.
 C = Inter-level travel time spent in this place.
 D = Time resting spent in this place.
 E = Time spent auto-exploring this place.
 F = Levels seen in this place.
 G = Mean time per level.
                   A        B        C        D        E       F      G
               +--------+--------+--------+--------+--------+-----+--------+
         Total |    861 |    854 |      7 |     40 |    425 |   2 |  430.5 |
       Dungeon |    861 |    854 |      7 |     40 |    425 |   2 |  430.5 |
               +--------+--------+--------+--------+--------+-----+--------+

Top non-repeatable levels by time:
     D:1: 797 daAuts
     D:2: 64 daAuts
